 Dungeon Crawl Stone Soup version 0.17-a0-1337-ge651487 (webtiles) character file.

86 Charly the Skirmisher (level 4, -5/35 HPs)
             Began as a Demonspawn Skald on June 10, 2015.
             Killed from afar by Natasha (6 damage)
             ... with a wand of magic darts
             ... on level 3 of the Dungeon.
             The game lasted 00:11:21 (707 turns).

Charly the Skirmisher (Demonspawn Skald)             Turns: 707, Time: 00:11:21

Health: -5/35      AC:  6    Str: 14    XL:     4   Next: 27%
Magic:  7/7        EV: 10    Int: 13    God:
Gold:   111        SH:  0    Dex: 12    Spells: 1 memorised, 6 levels left

rFire  . . .     SeeInvis .     a - +2 hand axe (chop)
rCold  . . .     Clarity  .     k - +0 ring mail
rNeg   . . .     SustAt   .     (no shield)
rPois  .         Gourm    .     (helmet restricted)
rElec  .         Spirit   .     (no cloak)
rCorr  .         Warding  .     (no gloves)
rMut   .         Stasis   .     (no boots)
MR     .....                    (no amulet)
Stlth  +.........               (no ring)
                                (no ring)

@: not resistant to hostile enchantments, very unstealthy
A: horns 1, icy blue scales 1, spiny 1
a: no special abilities


You were on level 3 of the Dungeon.
You were not hungry.

You visited 1 branch of the dungeon, and saw 4 of its levels.

You collected 111 gold pieces.

Inventory:

Hand weapons
 a - a +2 hand axe of chopping (weapon)
 b - a -1 hunting sling
 r - a +0 hand axe
Missiles
 g - 7 curare-tipped needles
 j - 5 sling bullets
 p - 8 exploding sling bullets
Armour
 k - a +0 ring mail (worn)
 t - a +0 leather armour
Scrolls
 o - a scroll of identify {unknown}
 q - a scroll of recharging {unknown}
Potions
 e - a potion of curing {unknown}
 h - a potion of brilliance {unknown}
 n - a potion of flight {unknown}
 s - a potion of might {unknown}
Books
 c - a book of Battle

   Spells                             Type                      Level
   a - Infusion                       Charms                       1
   b - Shroud of Golubria             Charms/Translocation         2
   c - Song of Slaying                Charms                       2
   d - Spectral Weapon                Hexes/Charms                 3
   e - Regeneration                   Charms/Necromancy            3
Comestibles
 d - a bread ration


   Skills:
 + Level 3.5 Fighting
 + Level 3.1 Axes
 - Level 0.8 Armour
 - Level 0.8 Dodging
 - Level 2.0 Spellcasting
 - Level 2.6 Charms


You had 6 spell levels left.
You knew the following spells:

 Your Spells              Type           Power        Failure   Level  Hunger
i - Infusion              Chrm           #.....       21%         1    ##.....


Dungeon Overview and Level Annotations

Branches:
Dungeon (4/15)
 Temple: D:4-7

Altars:
Cheibriados
Kikubaaqudgha
Ru

Annotations:
D:3 Natasha


Innate Abilities, Weirdness & Mutations

You have a pair of small horns on your head.
You are partially covered in icy blue scales (AC +1).
You are partially covered in sharp spines.


Message History

The hound barks!
A jackal comes into view.
The jackal barks!
A jackal comes into view.
The jackal barks!
There is an escape hatch in the ceiling here.
A mysterious force pulls you upwards. The hatch slams shut behind you.
Natasha, Servant of Life and Death comes into view.
Natasha zaps a wand.
The magic dart hits you!
* * * LOW HITPOINT WARNING * * *
It is a wand of magic darts.
Natasha zaps a wand.
The magic dart hits you!
* * * LOW HITPOINT WARNING * * *
Read which item? (? for menu, Esc to quit)
Okay, then.
Read which item? (? for menu, Esc to quit)
As you read the scroll of fear, it crumbles to dust.
You assume a fearsome visage.
Natasha looks frightened!
Natasha mumbles some strange words.
Natasha zaps a wand.
The magic dart hits you!
You die...

.......
#####
#..........#
#.....>....#
#..........#
#........
#........
#........
#........
#@# #.# #.#
# ####.#.##
#.......#
#...5h.h#
#.......#
#.......#
#.......#


You could see Natasha and a crimson imp.

Vanquished Creatures
  A hound (D:4)
  2 adders
  A worm (D:3)
  2 giant cockroaches
  7 hobgoblins
  A quokka (D:4)
  4 bats
  2 giant newts
  7 goblins
  A kobold (D:3)
  6 rats
34 creatures vanquished.

Notes
Turn   | Place    | Note
--------------------------------------------------------------
     0 | D:1      | Charly the Demonspawn Skald began the quest for the Orb.
     0 | D:1      | Reached XP level 1. HP: 16/16 MP: 3/3
   213 | D:2      | Found a snail-covered altar of Cheibriados.
   221 | D:2      | Gained mutation: You have a pair of small horns on your head. [demonic ancestry]
   221 | D:2      | Reached XP level 2. HP: 17/23 MP: 5/5
   354 | D:2      | Found an ancient bone altar of Kikubaaqudgha.
   412 | D:2      | Found a sacrificial altar of Ru.
   428 | D:2      | Reached skill level 3 in Fighting
   428 | D:2      | Gained mutation: You are partially covered in icy blue scales (AC +1). [demonic ancestry]
   428 | D:2      | Reached XP level 3. HP: 22/29 MP: 3/6
   688 | D:4      | Gained mutation: You are partially covered in sharp spines. [demonic ancestry]
   688 | D:4      | Reached XP level 4. HP: 9/35 MP: 7/7
   689 | D:4      | !!!
   701 | D:3      | Noticed Natasha
   701 | D:3      | HP: 1/35 [Natasha/wand of magic darts (4)]
   707 | D:3      | Killed from afar by Natasha

Vault maps used:
D:1:      dpeg_arrival_leaves_temple_mockup
D:2:      cheibriados_altar_1, nicolae_overflow_crystal_walls,
          nicolae_ru_awakened_eye
D:3:      bloody_trog, lemuel_coloured_pillars_altar, uniq_natasha
D:4:      first_bread

Action                   |  1- 3 |  4- 6 || total
-------------------------+-------+-------++-------
Melee: Hand axe          |    84 |       ||    84
 Fire: Hunting sling     |    16 |       ||    16
 Cast: Infusion          |     5 |       ||     5
  Use: Scroll            |     4 |     1 ||     5
